AoeStats
← Riptide320

Northern Isles

510358729Analyzed
1v1 RM · 13h ago on Sep 30, 2026· 58m 0s· 2 players
Game mode
Random Map
Map size
Tiny (2 player)
Population
200
Speed
Normal
Resources
Standard
Victory
Conquest
Starting age
Dark Age
Ending age
Imperial Age
RankedLock teamsTeams togetherTeam positionsShared explorationLock speedFull tech treeHidden civsTurbo modeCheats
Victory
Defeat
🇬🇧 Georgians · United Kingdom
905
+17
🇺🇸 Saracens · United States
917
-17
grizz_brit
2:55 Loom
12:34 Feudal Age
13:16 Double-Bit Axe
14:20 Fishing Lines
16:54 Castle Age
15:30 Scale Barding Armor
16:25 Fletching
18:35 Wheelbarrow
20:43 Forging
21:17 Town Watch
21:47 Husbandry
25:33 Elite Skirmisher
26:33 Bodkin Arrow
28:39 Horse Collar
31:04 Bow Saw
33:36 Chain Barding Armor
33:28 Bloodlines
33:47 Hand Cart
35:09 Iron Casting
38:07 Gold Mining
44:39 Imperial Age
44:42 Stone Mining
44:59 Pikeman
45:39 Squires
45:42 Scale Mail Armor
46:43 Blast Furnace
46:25 Halberdier
47:48 Masonry
49:54 Conscription
50:12 Guard Tower
50:43 Ballistics
50:54 Architecture
53:22 Chain Mail Armor
53:43 Plate Barding Armor
54:39 Svan Towers
59:24 Chemistry
Riptide320
7:44 Loom
12:42 Feudal Age
14:07 Double-Bit Axe
15:50 Fletching
20:57 Padded Archer Armor
31:46 Castle Age
29:35 Horse Collar
30:25 Scale Barding Armor
30:06 Fishing Lines
33:55 Gold Mining
34:17 Bow Saw
40:58 Imperial Age
38:15 Loom
41:04 Bloodlines
41:08 Heavy Camel Rider
42:05 Gillnets
44:56 Chain Barding Armor
47:51 Plate Barding Armor
51:13 Forging
50:30 Elite Mameluke
52:10 Husbandry
Connection lost

Rejoining the realm…

Still unreachable

The connection could not be restored.

Session expired

The server has moved on; the page needs a fresh start.